 Dungeon Crawl Stone Soup version 0.30-a0-341-g682706514a (webtiles) character file.

Game seed: 9188127620731940148

5553 HoaS the Markstengu (level 10, -5/53 HPs)
             Began as a Tengu Hunter on Nov 1, 2022.
             Was an Elder of Okawaru.
             Slain by an ice devil (23 damage)
             ... summoned by a kobold demonologist
             ... on level 9 of the Dungeon.
             The game lasted 00:23:44 (8141 turns).

HoaS the Markstengu (Tengu Hunter)                  Turns: 8141, Time: 00:23:45

Health: -5/53      AC:  6    Str: 12    XL:     10   Next: 71%
Magic:  13/13      EV: 15    Int:  9    God:    Okawaru [****..]
Gold:   336        SH:  5    Dex: 22    Spells: 9/9 levels left

rFire   . . .      SeeInvis .    y - +9 arbalest (elec)
rCold   . . .      Faith    .    (shield currently unavailable)
rNeg    + . .      Spirit   .    c - +1 leather armour
rPois   .          Reflect  +    (helmet restricted)
rElec   .          Harm     .    (no cloak)
rCorr   .          Rampage  .    g - +1 Delatra's gloves {ID++}
Will    .....                    (boots unavailable)
Stlth   ++........               q - amulet of reflection
HPRegen 0.28/turn                t - ring of positive energy
MPRegen 0.13/turn                (no ring)

@: spiked, flying quickly and evasively, studying Stealth, quick
A: beak, talons 3, nimble flight
a: Renounce Religion, Heroism, Finesse


You were on level 9 of the Dungeon.
You worshipped Okawaru.
Okawaru was greatly pleased with you.
You visited 3 branches of the dungeon, and saw 11 of its levels.
You also visited: Sewer and Bailey.

You collected 436 gold pieces.
You spent 100 gold pieces at shops.

Inventory:

Hand Weapons
 y - a +9 arbalest of electrocution (weapon)
Armour
 c - a +1 leather armour (worn)
 g - the +1 Delatra's gloves (worn) {ID++}
   (You found it on level 2 of the Dungeon)

   It heals its wearer when they drink unknown potions.
   It restores its wearer's MP when they read unknown scrolls.
Jewellery
 q - an amulet of reflection (around neck)
 t - a ring of positive energy (left hand)
Wands
 v - a wand of flame (15)
 x - a wand of paralysis (7)
 C - a wand of digging (6)
Scrolls
 b - a scroll of immolation
 e - 5 scrolls of magic mapping
 i - 2 scrolls of blinking
 l - 3 scrolls of fog
 m - 2 scrolls of brand weapon
 r - 2 scrolls of enchant armour
 w - a scroll of teleportation
 A - a scroll of fear
Potions
 a - a potion of attraction {unknown}
 d - a potion of berserk rage
 f - a potion of might {unknown}
 h - a potion of heal wounds
 j - a potion of cancellation
 k - 3 potions of haste
 n - a potion of lignification
 o - a potion of ambrosia
 p - 2 potions of curing
 u - a potion of invisibility {unknown}
 z - 2 potions of resistance {unknown}


   Skills:
 - Level 2.0 Fighting
 * Level 16.8 Ranged Weapons
 - Level 2.1 Dodging
 - Level 1.0 Stealth
 - Level 3.0 Invocations


You had 9 spell levels left.
You didn't know any spells.
Your spell library contained the following spells:

 Spells                   Type           Power      Damage    Failure   Level
 Apportation              Tloc           0%         N/A       45%         1
 Necrotise                Necr           0%         1d4       45%         1
 Blink                    Tloc           0%         N/A       61%         2
 Momentum Strike          Conj/Tloc      0%         3d8       61%         2
 Lesser Beckoning         Tloc           0%         N/A       83%         3
 Summon Small Mammal      Summ           Unusable   N/A       N/A         1

Dungeon Overview and Level Annotations

Branches:
Dungeon (9/15)             Temple (1/1) D:6            Lair (1/5) D:8
  Sewer (visited)          Bailey (visited)
    Orc: D:9-12

Altars:
Ashenzari
Cheibriados
Dithmenos
Fedhas
Gozag
Hepliaklqana
Nemelex Xobeh
Okawaru
Qazlal
Ru
Sif Muna
Trog
Uskayaw
Wu Jian
Yredelemnul
The Shining One

Shops:
D:4 [([=!


Innate Abilities, Weirdness & Mutations

You have a beak for a mouth.
You have claws for feet.
Your magical nature lets you fly swiftly and evasively.


Message History

Press: ? - help, Q - select action, (/) - cycle Shift-Dir - straight line, f/p - kobold demonologist
Aim: a kobold demonologist, wielding a +0 dagger and wearing a +0 robe (heavily wounded, 68% to hit)
You shoot a bolt.
The bolt misses the kobold demonologist.
The red devil completely misses you.
The kobold demonologist hits you with a +0 dagger.
You are too injured to fight recklessly!
You feel much better.
A centaur comes into view.
The red devil hits you from afar with a +0 trident!
Barbed spikes become lodged in your body.
The kobold demonologist gestures wildly while chanting.
The centaur moves out of view.
Fire: y) +9 arbalest (elec)
Press: ? - help, Q - select action, (/) - cycle Shift-Dir - straight line, f/p - kobold demonologist
Aim: a kobold demonologist, wielding a +0 dagger and wearing a +0 robe (heavily wounded, 68% to hit)
You shoot a bolt.
The bolt barely misses the kobold demonologist.
The red devil hits you from afar with a +0 trident!
Barbed spikes become lodged in your body.
The kobold demonologist casts a cantrip, but nothing happens.
You block the red devil's attack.
Fire: y) +9 arbalest (elec)
Press: ? - help, Q - select action, (/) - cycle Shift-Dir - straight line, f/p - kobold demonologist
Aim: a kobold demonologist, wielding a +0 dagger and wearing a +0 robe (heavily wounded, 68% to hit)
You shoot a bolt. The bolt hits the kobold demonologist!
The kobold demonologist is almost dead.
The kobold demonologist hits you but does no damage.
The red devil closely misses you.
Fire: y) +9 arbalest (elec)
Press: ? - help, Q - select action, (/) - cycle Shift-Dir - straight line, f/p - kobold demonologist
Aim: a kobold demonologist, wielding a +0 dagger and wearing a +0 robe (severely wounded, 68% to hit)
You shoot a bolt.
The bolt barely misses the kobold demonologist.
The bolt hits the centaur!!
You kill the centaur!
Okawaru accepts your kill.
You can now speed up your combat.
The kobold demonologist closely misses you.
The ice devil hits you! The ice devil freezes you!!
You die...

######...# ... #...'.....
.. #...#..... ###).
#...#..... ##..)###
######.###
..)...#########.#
#..4..#.........#
#.K4..#.........#
#.@##.#.........#
#.....#...###..##
########.....#...########.
.......#.....#............
.......#..##.#............
.......'..##.#....).......
.......#.....#............
.......#.....'............
.......#.....#............


You could see an ice devil (summoned), a kobold demonologist and a red devil
(summoned).

Vanquished Creatures
  A cane toad (D:8)
  An efreet (D:9)
  2 wyverns (D:8)
  A water moccasin (D:6)
  2 ice beasts
  A sky beast (D:7)
  2 black bears
  14 orc warriors
  An ogre (D:5)
  6 centaurs
  A bullfrog (D:6)
  3 necrophages
  6 scorpions
  12 wights
  3 howler monkeys (D:8)
  4 electric eels (Bailey)
  A hound (D:5)
  A jelly (D:6)
  3 orc priests
  5 iguanas
  Natasha (D:2)
  Ijyb (D:5)
  8 orc wizards
  A mummy (D:5)
  9 gnolls
  14 adders
  A river rat (Sewer)
  A shadow imp (D:6)
  2 white imps
  2 worms
  2 dart slugs (D:4)
  23 orcs
  7 ball pythons
  2 endoplasms
  4 giant cockroaches
  11 hobgoblins
  10 jackals
  3 quokkas
  7 bats
  4 frilled lizards
  13 goblins
  8 kobolds
  10 rats
214 creatures vanquished.

Vanquished Creatures (others)
  17 plants
17 creatures vanquished.

Grand Total: 231 creatures vanquished

Notes
Turn   | Place    | Note
-------+----------+-------------------------------------------
     0 | D:1      | HoaS the Tengu Hunter began the quest for the Orb.
     0 | D:1      | Reached XP level 1. HP: 12/12 MP: 2/2
   408 | D:1      | Reached XP level 2. HP: 17/17 MP: 3/3
   430 | D:1      | Reached skill level 5 in Ranged Weapons
   843 | D:2      | Reached XP level 3. HP: 11/21 MP: 4/4
  1081 | D:2      | Reached skill level 6 in Ranged Weapons
  1143 | D:2      | Reached XP level 4. HP: 19/26 MP: 5/5
  1368 | D:2      | Noticed Natasha
  1368 | D:2      | Found the +1 Delatra's gloves {ID++}
  1376 | D:2      | Killed Natasha
  1379 | D:2      | Gained mutation: Your magical nature lets you fly swiftly
                  | and evasively. [Tengu growth]
  1379 | D:2      | Reached XP level 5. HP: 30/30 MP: 6/6
  1504 | D:2      | Reached skill level 7 in Ranged Weapons
  2042 | D:3      | Reached XP level 6. HP: 32/35 MP: 7/7
  2049 | D:3      | Reached skill level 8 in Ranged Weapons
  2698 | D:4      | Found Deink's Jewellery Shop.
  2718 | D:4      | Found Jal Buc's Weapon Shoppe.
  2721 | D:4      | Found Yffifuu's Antique Armour Emporium.
  2748 | D:4      | Found Xuosh's Antique Armour Boutique.
  2985 | D:4      | Reached skill level 9 in Ranged Weapons
  2985 | D:4      | Reached XP level 7. HP: 40/40 MP: 8/8
  3254 | D:4      | Found Ittev's Distillery.
  3337 | D:4      | Bought 2 potions of heal wounds for 100 gold pieces
  3435 | D:5      | Entered Level 5 of the Dungeon
  3468 | D:5      | Found a glowing drain.
  3482 | Sewer    | Entered a sewer
  3537 | Sewer    | Reached skill level 10 in Ranged Weapons
  4222 | D:5      | Found a sand-covered staircase.
  4321 | D:5      | Reached XP level 8. HP: 44/44 MP: 9/9
  4480 | D:5      | Reached skill level 11 in Ranged Weapons
  4821 | D:5      | Noticed Ijyb
  4824 | D:5      | Killed Ijyb
  5334 | D:6      | Reached skill level 12 in Ranged Weapons
  5353 | D:6      | Found a staircase to the Ecumenical Temple.
  5358 | Temple   | Entered the Ecumenical Temple
  5460 | Temple   | Became a worshipper of Warmaster Okawaru
  5677 | D:6      | Reached skill level 1 in Invocations
  5749 | D:6      | Reached XP level 9. HP: 45/48 MP: 11/11
  5826 | D:6      | Found a stormy altar of Qazlal.
  5951 | D:6      | Reached * piety under Okawaru
  5966 | D:6      | Reached skill level 13 in Ranged Weapons
  6755 | D:8      | Found a flagged portal.
  6780 | Bailey   | Entered a bailey
  6904 | Bailey   | Reached skill level 14 in Ranged Weapons
  6919 | Bailey   | Reached ** piety under Okawaru
  7024 | Bailey   | Reached XP level 10. HP: 53/53 MP: 13/13
  7063 | Bailey   | Reached skill level 15 in Ranged Weapons
  7210 | Bailey   | Found an iron altar of Okawaru.
  7210 | Bailey   | Noticed an orc high priest
  7210 | Bailey   | Noticed an orc high priest
  7214 | Bailey   | Noticed an orange demon
  7228 | D:8      | Acquired a +5 arbalest of electrocution
  7403 | D:8      | Reached *** piety under Okawaru
  7426 | D:8      | Found an ornate altar of the Wu Jian Council.
  7449 | D:8      | Reached skill level 16 in Ranged Weapons
  7703 | D:8      | Found a staircase to the Lair.
  8025 | Lair:1   | Entered Level 1 of the Lair of Beasts
  8025 | Lair:1   | Noticed a cane toad
  8026 | Lair:1   | Noticed a cane toad
  8032 | D:8      | Killed a cane toad
  8128 | D:9      | Noticed a kobold demonologist
  8141 | D:9      | Reached **** piety under Okawaru
  8141 | D:9      | Slain by an ice devil

Illustrated notes

Levels and vault maps discovered:
D:1:      ebering_hopf_link, layout_basic, minmay_tetromino_s2
D:2:      layout_loops_ring, pf_guarded_unrand_delatra, uniq_natasha
D:3:      layout_loops_cross
D:4:      layout_rooms, serial_shops, nicolae_shop_statue_plus, shop,
          nicolae_shop_advertising_works [nicolae_subvault_shop_adworks],
          nicolae_inconvenience_store, shop
D:5:      layout_loops_corners, gup_ossuary_entry_pyramid,
          cheibrodos_sewer_entry_drain, serial_bayou_ford_a, uniq_ijyb
D:6:      layout_gridville, nicolae_qazlal_style_of_elements, temple_doors_cd
D:7:      layout_cave_pools
D:8:      layout_basic, mainiacjoe_overflow_boulevard, dpeg_oklobed_lair,
          enter_bailey_3
D:9:      minmay_the_grid_triangle_9x9_recursive_2
          [minmay_the_grid_triangle_9x9_prize_center,
          minmay_the_grid_triangle_9x9_from_above,
          minmay_the_grid_triangle_9x9_shrine,
          minmay_the_grid_triangle_9x9_alien], layout_stronghold, uniq_maggie
Temple:   nicolae_temple_two_arcs
Lair:1:   layout_layer_cave, gauntlet_entry_generic, serial_bayou_lagoon_b,
          uniq_gastronok

Skill      XL: |  1  2  3  4  5  6  7  8  9 10 |
---------------+-------------------------------+-----
Ranged Weapons | 5 6 7 9 10 12 14 16 | 16.8
Invocations    | 2 3 |  3.0
Fighting       | |  2.0
Dodging        | |  2.1
Stealth        | |  1.0

Action                   |  1- 3 |  4- 6 |  7- 9 | 10-12 || total
-------------------------+-------+-------+-------+-------++-------
 Fire: Shortbow          |    84 |   125 |   385 |    58 ||   652
       Arbalest          |       |       |       |    74 ||    74
Invok: Heroism           |       |       |       |     1 ||     1
  Use: Scroll            |       |    13 |    13 |     5 ||    31
       Potion            |       |       |     1 |     2 ||     3
Armor: Leather armour    |     6 |     7 |    36 |     1 ||    50
Dodge: Dodged            |    43 |    20 |    70 |    22 ||   155
Block: Other             |       |       |     5 |     9 ||    14

Table legend: (Time is in decaauts)
 A = Elapsed time spent in this place.
 B = Non-inter-level travel time spent in this place.
 C = Inter-level travel time spent in this place.
 D = Time resting spent in this place.
 E = Time spent auto-exploring this place.
 F = Levels seen in this place.
 G = Mean time per level.
                   A        B        C        D        E       F      G
               +--------+--------+--------+--------+--------+-----+--------+
         Total |   7672 |   7366 |    306 |   1142 |   4783 |  13 |  590.2 |
       Dungeon |   6525 |   6242 |    283 |   1019 |   4190 |   9 |  725.0 |
        Temple |    100 |     78 |     22 |      0 |     70 |   1 |  100.0 |
          Lair |      4 |      4 |      0 |      0 |      0 |   1 |    4.0 |
         Sewer |    654 |    654 |      0 |     91 |    326 |   1 |  654.0 |
        Bailey |    387 |    387 |      0 |     32 |    196 |   1 |  387.0 |
               +--------+--------+--------+--------+--------+-----+--------+

Top non-repeatable levels by time:
     D:1: 1006 daAuts
     D:5: 983 daAuts
     D:6: 883 daAuts
     D:2: 875 daAuts
     D:8: 842 daAuts
     D:4: 759 daAuts
     D:3: 678 daAuts
   Sewer: 654 daAuts
     D:7: 410 daAuts
  Bailey: 387 daAuts
  Temple: 100 daAuts
     D:9: 85 daAuts
  Lair:1: 4 daAuts
